 Dungeon Sprint DCSS version 0.17-a0-1674-g2b13139 (webtiles) character file.

36677 Kidiri the Unseen (level 12, -4/51 HPs)
             Began as a Spriggan Enchanter on Aug 18, 2015.
             Was the Champion of Dithmenos.
             Hit by a large rock thrown by Polyphemus (38 damage)
             ... in the Dungeon (Sprint III: "The Ten Rune Challenge").
             The game lasted 00:24:43 (5080 turns).

Kidiri the Unseen (Spriggan Enchanter)              Turns: 5080, Time: 00:24:43

Health: -4/51      AC:  6    Str:  4    XL:     12   Next: 74%
Magic:  7/30       EV: 35    Int: 19    God:    Dithmenos [******]
Gold:   37         SH:  0    Dex: 19    Spells: 9 memorised, 17 levels left

rFire  . . .     SeeInvis +     l - +0 dagger (venom)
rCold  . . .     Clarity  +     b - +1 robe
rNeg   . . .     SustAt   .     (shield restricted)
rPois  .         Gourm    .     (helmet restricted)
rElec  .         Spirit   .     k - +0 cloak
rCorr  .         Warding  .     (gloves unavailable)
rMut   .         NoTele   +     (boots unavailable)
MR     ++...                    (no amulet)
Stlth  ++++++++++               (no ring)
                                (no ring)

@: wreathed by umbra, very quick, very resistant to hostile enchantments,
uncannily stealthy
A: unfitting armour, horns 1, yellow scales 1, see invisible, berserk 1,
clarity, herbivore 3, speed 3, low mp 1, screaming 2, slow metabolism 2, spit
poison 1, subdued magic 1
a: Spit Poison, Shadow Step, Shadow Form, Renounce Religion
}: 1/10 runes: serpentine


You were in the Dungeon.
You worshipped Dithmenos.
Dithmenos was exalted by your worship.
You were not hungry.

You visited 1 branch You collected 37 gold pieces.

Inventory:

Hand weapons
 a - a +1 dagger
 l - a +0 dagger of venom (weapon)
Armour
 b - a +1 robe (worn)
 k - a +0 cloak (worn)
Scrolls
 j - a scroll of blinking
 m - a scroll of torment
 o - 2 scrolls of remove curse
Potions
 e - a potion of curing
 f - a potion of heal wounds
 g - 2 potions of haste
 h - a potion of magic
 i - a potion of berserk rage
 n - 2 potions of cure mutation {unknown}
 q - 4 potions of flight
Comestibles
 c - 6 fruits
 d - a bread ration
 p - 27 royal jellies


   Skills:
 + Level 10.7 Short Blades
 * Level 18.6 Dodging
 * Level 20.2 Stealth
 * Level 16.3 Spellcasting
 + Level 7.3 Conjurations
 + Level 12.2 Hexes
 + Level 12.2 Translocations
 + Level 10.5 Transmutations
 + Level 8.2 Ice Magic
 + Level 7.5 Earth Magic


You had 17 spell levels left.
You knew the following spells:

 Your Spells              Type           Power        Failure   Level  Hunger
a - Corona                Hex            #####..      0%          1    None
b - Ensorcelled Hibernat  Hex/Ice        #####.       0%          2    None
c - Confuse               Hex            #####...     0%          3    None
d - Tukima's Dance        Hex            #####...     0%          3    None
e - Dazzling Spray        Conj/Hex       #####...     1%          3    None
f - Confusing Touch       Hex            #####.       0%          2    None
g - Gell's Gravitas       Hex/Tloc       #####.....   0%          3    None
h - Metabolic Englaciati  Hex/Ice        #####.....   1%          5    ###....
i - Petrify               Trmt/Erth      ####....     1%          4    None


Dungeon Overview and Level Annotations

Branches:
Dungeon (1/1)

Altars:
Cheibriados
Dithmenos
Elyvilon
Fedhas
Gozag
Kikubaaqudgha
Makhleb
Nemelex Xobeh
Okawaru
Qazlal
Ru
Sif Muna
Trog
Vehumet
Xom
Yredelemnul
Zin
The Shining One
Jiyva
Lugonu

Shops:
D :!(

Annotations:
D Ilsuiw, Polyphemus


Innate Abilities, Weirdness & Mutations

You are tiny and cannot use many weapons and most armour.
You have supernaturally acute eyesight.
You are a herbivore.
You cover ground extremely quickly.
You need consume almost no food.
You have a pair of small horns on your head.
You are partially covered in yellow scales (AC +2).
You tend to lose your temper in combat.
You possess an exceptional clarity of mind.
Your magical capacity is low (-10% MP).
You sometimes yell uncontrollably at your foes.
You can spit weak poison.
Your spells are a little easier to cast, but a little less powerful.


Message History

Polyphemus easily resists.
Your shadow mimicks your spell!
Polyphemus resists with almost no effort.
Polyphemus throws a large rock.
The large rock barely misses you.
Casting: Ensorcelled Hibernation
Confirm with . or Enter, or press ? or * to list all spells.
Aiming: Ensorcelled Hibernation
Press: ? - help, Shift-Dir - straight line, f/p - Polyphemus
Aim: Polyphemus (moderately wounded, umbra, chance to defeat MR: 29%) Polyphemus easily resists.
Polyphemus throws a large rock.
The large rock completely misses you.
Casting: Ensorcelled Hibernation
Confirm with . or Enter, or press ? or * to list all spells.
Aiming: Ensorcelled Hibernation
Press: ? - help, Shift-Dir - straight line, f/p - Polyphemus
Aim: Polyphemus (moderately wounded, umbra, chance to defeat MR: 29%) Polyphemus easily resists.
Polyphemus throws a large rock.
The large rock hits you!!!
Ouch! That really hurt!
You die...

*,,,#≈.≈§§§.≈≈≈+....%#.≈♣♣♣♣♣♣♣
*,,,#≈≈§≈≈≈≈≈≈♣♣♣♣♣♣♣#..♣♣
*,,,#≈..§%§≈≈≈♣ ###+♣♣♣♣♣♣
***+####'#######♣ ♣♣♣♣.##..##
*...........)...♣♣ ♣...##.##.#
*#+#############+♣ ♣♣.##.##.##
*,,,#≈......%....♣ ♣..#.##...
*,.J+≈≈..÷########♣♣ ♣♣.##.##..
*,.J#≈≈≈......@....♣ ♣♣.##.####
*,..#≈≈≈≈..........♣ ♣.....##..
*+#*###########C#############+#
**,****** ▓YY≈≈≈≈≈≈≈≈≈≈*#).
**,*,,,*** ▓≈≈≈≈≈≈≈≈≈≈≈≈*#..
**,,,,,,,** ▓≈≈≈†.≈≈≈≈≈.,*###
**,,,,,,,,,** ▓≈≈....≈≈≈..,*##.
*,,,,***,,,,* ▓≈≈≈..≈≈≈≈≈.,*#..
*,,,**,**,,,* ▓≈≈≈≈≈≈≈≈≈≈.,*#..


You could see Polyphemus and 2 sheep.

Vanquished Creatures
  Rupert (D)
  A greater naga (D)
  Maud (D)
  Snorg (D)
  2 hydras (D)
  3 anacondas (D)
  A naga warrior (D)
  A centaur warrior (D)
  4 death yaks (D)
  An unseen horror (D)
  A spriggan druid (D)
  A lindwurm (D)
  A guardian serpent (D)
  5 black mambas (D)
  2 spiny frogs (D)
  A komodo dragon (D)
  A fire drake (D)
  3 wandering mushrooms (D)
  A queen bee (D)
  A deep elf priest (D)
  8 blink frogs (D)
  3 redbacks (D)
  2 spriggans (D)
  A shadow (D)
  A spatial vortex (D)
  2 nagas (D)
  3 water moccasins (D)
  A swamp drake (D)
  A necrophage (D)
  A centaur (D)
  An earth elemental (D)
  2 brain worms (D)
  A water elemental (D)
  32 killer bees (D)
  An electric eel (D)
  A wizard (D)
  A jelly (D)
  Crazy Yiuf (D)
  A necromancer (D)
  A sheep (D)
  A kobold demonologist (D)
  3 humans (D)
  3 adders (D)
  2 oozes (D)
  2 rats (D)
  2 plants (D)
111 creatures vanquished.

Vanquished Creatures (others)
  2 draconian scorchers (D)
  A death drake (D)
  3 yaktaurs (D)
  2 dancing weapons (D)
  A centaur (D)
  5 plants (D)
14 creatures vanquished.

Grand Total: 125 creatures vanquished

Notes
Turn   | Place    | Note
--------------------------------------------------------------
     0 | D        | Kidiri the Spriggan Enchanter began the quest for the Orb.
     0 | D        | Reached XP level 1. HP: 9/9 MP: 5/5
     4 | D        | Reached skill level 5 in Stealth
     7 | D        | Reached XP level 2. HP: 13/13 MP: 5/7
    11 | D        | Learned a level 2 spell: Ensorcelled Hibernation
    76 | D        | Killed a yaktaur
   167 | D        | Killed a white draconian scorcher
   169 | D        | Reached skill level 5 in Dodging
   169 | D        | Reached skill level 6 in Stealth
   169 | D        | Reached XP level 3. HP: 16/16 MP: 3/9
   214 | D        | Killed a white draconian scorcher
   224 | D        | Learned a level 3 spell: Confuse
   228 | D        | Learned a level 3 spell: Tukima's Dance
   234 | D        | Noticed Crazy Yiuf
   241 | D        | Killed Crazy Yiuf
   241 | D        | Reached skill level 7 in Stealth
   241 | D        | Reached skill level 5 in Spellcasting
   241 | D        | Reached skill level 1 in Ice Magic
   267 | D        | Learned a level 3 spell: Dazzling Spray
   272 | D        | Gained mutation: You have a pair of small horns on your head. [potion of mutation]
   272 | D        | Gained mutation: You can spit weak poison. [potion of mutation]
   272 | D        | Gained mutation: Your magical capacity is low (-10% MP). [potion of mutation]
   273 | D        | Gained mutation: You tend to lose your temper in combat. [potion of mutation]
   273 | D        | Gained mutation: Your spells are a little easier to cast, but a little less powerful. [potion of mutation]
   273 | D        | Gained mutation: You occasionally shout uncontrollably at your foes. [potion of mutation]
   274 | D        | Gained mutation: You sometimes yell uncontrollably at your foes. [potion of mutation]
   274 | D        | Gained mutation: You are partially covered in yellow scales (AC +2). [potion of mutation]
   274 | D        | Gained mutation: You possess an exceptional clarity of mind. [potion of mutation]
   297 | D        | Noticed a water elemental
   300 | D        | Killed a water elemental
   300 | D        | Reached skill level 8 in Stealth
   300 | D        | Reached skill level 1 in Conjurations
   300 | D        | Reached skill level 5 in Hexes
   300 | D        | Reached XP level 4. HP: 21/21 MP: 9/11
   321 | D        | Noticed a jelly
   322 | D        | Noticed a shadow
   324 | D        | Killed a shadow
   324 | D        | Reached skill level 10 in Stealth
   324 | D        | Reached XP level 5. HP: 24/24 MP: 11/14
   324 | D        | Reached XP level 6. HP: 28/28 MP: 11/15
   328 | D        | Killed a jelly
   333 | D        | Found a stormy altar of Qazlal.
   334 | D        | Found a sacrificial altar of Ru.
   334 | D        | Found a burning altar of Makhleb.
   334 | D        | Found a viscous altar of Jiyva.
   334 | D        | Found a shimmering altar of Xom.
   334 | D        | Found a shadowy altar of Dithmenos.
   334 | D        | Found a sparkling altar of Nemelex Xobeh.
   334 | D        | Found a corrupted altar of Lugonu.
   334 | D        | Found an opulent altar of Gozag.
   334 | D        | Noticed a spatial vortex
   338 | D        | Became a worshipper of Dithmenos the Shadowed
   458 | D        | Killed a spatial vortex
   458 | D        | Reached skill level 5 in Short Blades
   458 | D        | Reached skill level 11 in Stealth
   557 | D        | Found a radiant altar of Vehumet.
   558 | D        | Found a deep blue altar of Sif Muna.
   558 | D        | Found an ancient bone altar of Kikubaaqudgha.
   558 | D        | Noticed a wizard
   560 | D        | Noticed a ynoxinul
   561 | D        | Killed a wizard
   562 | D        | Noticed a blue devil
   573 | D        | Learned a level 2 spell: Confusing Touch
   577 | D        | Learned a level 3 spell: Gell's Gravitas
   583 | D        | Learned a level 5 spell: Metabolic Englaciation
   735 | D        | Found a glowing silver altar of Zin.
   736 | D        | Found a glowing golden altar of the Shining One.
   736 | D        | Found a white marble altar of Elyvilon.
   736 | D        | Noticed a deep elf priest
   738 | D        | Killed a deep elf priest
   738 | D        | Reached skill level 10 in Dodging
   738 | D        | Reached XP level 7. HP: 32/32 MP: 16/18
   754 | D        | Found an iron altar of Okawaru.
   755 | D        | Found a bloodstained altar of Trog.
   755 | D        | Noticed a human
   755 | D        | Noticed a human
   774 | D        | Killed a human
   774 | D        | Reached skill level 12 in Stealth
   778 | D        | Killed a human
   949 | D        | Found a snail-covered altar of Cheibriados.
   949 | D        | Noticed a necrophage
   950 | D        | Found a basalt altar of Yredelemnul.
   950 | D        | Found a blossoming altar of Fedhas.
   950 | D        | Noticed a necromancer
   951 | D        | Killed a necrophage
   951 | D        | Acquired Dithmenos's first power
   952 | D        | Killed a necromancer
   952 | D        | Reached XP level 8. HP: 36/36 MP: 20/20
   975 | D        | Learned a level 4 spell: Petrify
   981 | D        | Noticed Snorg
  1026 | D        | Killed Snorg
  1026 | D        | Reached skill level 13 in Stealth
  1026 | D        | Reached skill level 10 in Spellcasting
  1026 | D        | Reached skill level 5 in Translocations
  1058 | D        | Killed a yaktaur
  1176 | D        | Noticed an earth elemental
  1179 | D        | Killed an earth elemental
  1186 | D        | Noticed a centaur
  1186 | D        | Noticed a centaur warrior
  1186 | D        | Noticed a centaur
  1189 | D        | Killed a centaur
  1194 | D        | Killed a centaur
  1194 | D        | Reached XP level 9. HP: 26/39 MP: 4/22
  1208 | D        | Killed a centaur warrior
  1208 | D        | Acquired Dithmenos's second power
  1208 | D        | Reached skill level 14 in Stealth
  1208 | D        | Reached skill level 5 in Ice Magic
  1407 | D        | Noticed an unseen horror
  1418 | D        | Killed an unseen horror
  1418 | D        | Reached skill level 5 in Transmutations
  1433 | D        | Noticed a killer bee
  1433 | D        | Noticed a killer bee
  1433 | D        | Noticed a killer bee
  1433 | D        | Noticed a killer bee
  1433 | D        | Noticed a killer bee
  1433 | D        | Noticed a killer bee
  1433 | D        | Noticed a killer bee
  1433 | D        | Noticed a killer bee
  1433 | D        | Noticed a killer bee
  1433 | D        | Noticed a killer bee
  1433 | D        | Noticed a killer bee
  1433 | D        | Noticed a killer bee
  1433 | D        | Noticed a killer bee
  1433 | D        | Noticed a killer bee
  1433 | D        | Noticed a killer bee
  1434 | D        | Noticed a killer bee
  1434 | D        | Noticed a killer bee
  1434 | D        | Noticed a killer bee
  1435 | D        | Noticed a killer bee
  1435 | D        | Noticed a killer bee
  1435 | D        | Killed a killer bee
  1437 | D        | Noticed a queen bee
  1437 | D        | Noticed a killer bee
  1438 | D        | Noticed a killer bee
  1438 | D        | Noticed a killer bee
  1438 | D        | Killed a killer bee
  1442 | D        | Noticed a killer bee
  1442 | D        | Killed a killer bee
  1443 | D        | Noticed a killer bee
  1445 | D        | Killed a killer bee
  1445 | D        | Acquired Dithmenos's third power
  1445 | D        | Reached skill level 15 in Stealth
  1446 | D        | Noticed a killer bee
  1447 | D        | Killed a killer bee
  1448 | D        | Noticed a killer bee
  1449 | D        | Killed a killer bee
  1450 | D        | Noticed a killer bee
  1450 | D        | Noticed a killer bee
  1450 | D        | Noticed a killer bee
  1451 | D        | Killed a killer bee
  1454 | D        | Noticed a killer bee
  1459 | D        | Killed a killer bee
  1465 | D        | Killed a killer bee
  1465 | D        | Acquired Dithmenos's fourth power
  1470 | D        | Killed a killer bee
  1644 | D        | Killed a killer bee
  1649 | D        | Killed a killer bee
  1701 | D        | Killed a killer bee
  1703 | D        | Killed a killer bee
  1707 | D        | Noticed a killer bee
  1707 | D        | Killed a killer bee
  1709 | D        | Killed a killer bee
  1709 | D        | Reached XP level 10. HP: 33/44 MP: 4/24
  1837 | D        | Killed a killer bee
  1840 | D        | Killed a killer bee
  1843 | D        | Killed a killer bee
  1845 | D        | Killed a killer bee
  1847 | D        | Killed a killer bee
  1849 | D        | Killed a killer bee
  1852 | D        | Killed a killer bee
  1857 | D        | Killed a killer bee
  1859 | D        | Killed a killer bee
  1865 | D        | Killed a killer bee
  2004 | D        | Killed a queen bee
  2004 | D        | Reached skill level 5 in Conjurations
  2006 | D        | Killed a killer bee
  2010 | D        | Killed a killer bee
  2039 | D        | Killed a killer bee
  2039 | D        | Killed a killer bee
  2040 | D        | Killed a killer bee
  2042 | D        | Killed a killer bee
  2232 | D        | Noticed a wandering mushroom
  2233 | D        | Noticed a wandering mushroom
  2233 | D        | Noticed a wandering mushroom
  2235 | D        | Killed a wandering mushroom
  2235 | D        | Reached skill level 16 in Stealth
  2237 | D        | Killed a wandering mushroom
  2245 | D        | Killed a wandering mushroom
  2340 | D        | Noticed a spiny frog
  2340 | D        | Noticed a komodo dragon
  2340 | D        | Noticed a spiny frog
  2343 | D        | Killed a komodo dragon
  2345 | D        | Killed a spiny frog
  2346 | D        | Killed a spiny frog
  2346 | D        | Reached skill level 15 in Dodging
  2352 | D        | Noticed a redback
  2354 | D        | Killed a redback
  2354 | D        | Reached skill level 10 in Hexes
  2355 | D        | Noticed a brain worm
  2359 | D        | Killed a brain worm
  2362 | D        | Noticed a brain worm
  2364 | D        | Killed a brain worm
  2370 | D        | Noticed a lindwurm
  2373 | D        | Noticed a redback
  2374 | D        | Killed a lindwurm
  2376 | D        | Killed a redback
  2384 | D        | Noticed a redback
  2387 | D        | Noticed Maud
  2391 | D        | Killed a redback
  2901 | D        | Killed Maud
  2901 | D        | Reached skill level 17 in Stealth
  2901 | D        | Reached skill level 5 in Earth Magic
  2901 | D        | Reached XP level 11. HP: 13/47 MP: 1/26
  3000 | D        | Killed a yaktaur
  3169 | D        | Noticed an electric eel
  3171 | D        | Noticed an eight-headed hydra
  3171 | D        | Noticed a five-headed hydra
  3174 | D        | Killed an electric eel
  3199 | D        | Killed a five-headed hydra
  3265 | D        | Killed an eight-headed hydra
  3280 | D        | Killed a death drake
  3352 | D        | Found a blossoming altar of Fedhas.
  3352 | D        | Noticed a spriggan
  3352 | D        | Noticed a spriggan druid
  3352 | D        | Noticed a spriggan
  3354 | D        | Killed a spriggan druid
  3355 | D        | Killed a spriggan
  3356 | D        | Killed a spriggan
  3356 | D        | Reached skill level 10 in Translocations
  3376 | D        | Noticed a black mamba
  3376 | D        | Noticed an anaconda
  3376 | D        | Noticed a black mamba
  3388 | D        | Killed a black mamba
  3388 | D        | Reached skill level 18 in Stealth
  3390 | D        | Killed a black mamba
  3607 | D        | Killed an anaconda
  3615 | D        | Noticed a water moccasin
  3615 | D        | Noticed a water moccasin
  3615 | D        | Noticed an anaconda
  3617 | D        | Noticed a black mamba
  3627 | D        | Killed a water moccasin
  3629 | D        | Killed a water moccasin
  3632 | D        | Killed an anaconda
  3685 | D        | Killed a black mamba
  3815 | D        | Noticed an anaconda
  3815 | D        | Noticed a water moccasin
  3817 | D        | Killed an anaconda
  3818 | D        | Killed a water moccasin
  3866 | D        | Noticed a naga
  3866 | D        | Noticed a naga
  3867 | D        | Noticed a naga warrior
  3867 | D        | Noticed a greater naga
  3870 | D        | Killed a naga
  3871 | D        | Killed a naga
  3871 | D        | Reached skill level 15 in Spellcasting
  4147 | D        | Killed a greater naga
  4147 | D        | Reached skill level 19 in Stealth
  4147 | D        | Reached XP level 12. HP: 43/51 MP: 14/29
  4336 | D        | Killed a naga warrior
  4336 | D        | Reached skill level 10 in Short Blades
  4479 | D        | Found Tuank's Book Shop.
  4479 | D        | Found Newof's Distillery.
  4481 | D        | Found Qulocw's Antique Weapon Boutique.
  4495 | D        | Noticed a guardian serpent
  4498 | D        | Killed a guardian serpent
  4500 | D        | Got a serpentine rune of Zot
  4586 | D        | Noticed a swamp drake
  4586 | D        | Noticed a fire drake
  4590 | D        | Killed a fire drake
  4591 | D        | Killed a swamp drake
  4609 | D        | Noticed a blink frog
  4609 | D        | Noticed a blink frog
  4609 | D        | Noticed a blink frog
  4609 | D        | Noticed a blink frog
  4611 | D        | Noticed a blink frog
  4616 | D        | Killed a blink frog
  4621 | D        | Killed a blink frog
  4671 | D        | Killed a blink frog
  4723 | D        | Killed a blink frog
  4731 | D        | Killed a blink frog
  4763 | D        | Noticed Rupert
  4765 | D        | Killed Rupert
  4765 | D        | Reached skill level 10 in Transmutations
  4773 | D        | Noticed a death yak
  4774 | D        | Noticed a death yak
  4774 | D        | Noticed a blink frog
  4775 | D        | Killed a death yak
  4776 | D        | Noticed an azure jelly
  4776 | D        | Noticed a death yak
  4776 | D        | Noticed an azure jelly
  4776 | D        | Noticed a blink frog
  4776 | D        | Noticed a death yak
  4791 | D        | Killed a death yak
  4802 | D        | Killed a death yak
  4802 | D        | Reached skill level 20 in Stealth
  4941 | D        | Noticed a blink frog
  4944 | D        | Noticed a black mamba
  4946 | D        | Noticed a black mamba
  4950 | D        | Killed a blink frog
  4957 | D        | Killed a death yak
  4959 | D        | Killed a black mamba
  4982 | D        | Killed a blink frog
  4989 | D        | Killed a blink frog
  4995 | D        | Killed a black mamba
  5062 | D        | Noticed Polyphemus
  5063 | D        | Noticed Ilsuiw
  5080 | D        | Hit by a large rock thrown by Polyphemus

Vault maps used:
D:        dungeon_sprint_mu

Action                   |  1- 3 |  4- 6 |  7- 9 | 10-12 || total
-------------------------+-------+-------+-------+-------++-------
Melee: Dagger            |     8 |    12 |    70 |   129 ||   219
 Cast: Ensorcelled Hiber |     1 |     1 |    35 |    76 ||   113
       Dazzling Spray    |       |    12 |    12 |    52 ||    76
       Confuse           |       |       |     4 |    18 ||    22
       Tukima's Dance    |       |       |       |     5 ||     5
       Petrify           |       |       |       |     1 ||     1
Invok: Shadow Step       |       |       |       |    11 ||    11
  Use: Scroll            |     4 |     1 |       |       ||     5
       Potion            |     3 |       |     2 |     1 ||     6
 Stab: Sleeping          |     8 |     4 |    17 |    51 ||    80
       Confused          |       |       |     4 |     4 ||     8
       Invisible         |       |       |     2 |     9 ||    11
  Eat: Bread ration      |       |       |       |     1 ||     1
